 Dungeon Crawl Stone Soup version 0.22-a0-42-g002c468 (webtiles) character file.

1124 Gorice the Cleaver (level 8, 0/64 HPs)
             Began as a Hill Orc Fighter on Jan 5, 2018.
             Killed from afar by a gnoll shaman (19 damage)
             ... with a wand of acid (5)
             ... on level 6 of the Dungeon.
             The game lasted 00:14:30 (5551 turns).

Gorice the Cleaver (Hill Orc Fighter)               Turns: 5551, Time: 00:14:30

Health: 0/64       AC:  5    Str: 19    XL:     8   Next: 35%
Magic:  8/8        EV:  8    Int:  8    God:
Gold:   134        SH:  9    Dex: 12    Spells: 7/7 levels left

rFire    + . .     SeeInvis .   a - +0 war axe
rCold    . . .     Gourm    .   c - +0 shield
rNeg     . . .     Faith    .   h - +3 ring mail {MR+}
rPois    .         Spirit   .   (no helmet)
rElec    .         Reflect  .   (no cloak)
rCorr    .         Harm     .   (no gloves)
MR       +....                  (no boots)
Stlth    +.........             (no amulet)
HPRegen  0.20/turn              l - ring of protection from fire
MPRegen  0.11/turn              (no ring)

@: corroded
A: no striking features
a: no special abilities


You were on level 6 of the Dungeon.
You were hungry.

You visited 1 branch of the dungeon, and saw 6 of its levels.

You collected 134 gold pieces.

Inventory:

Hand Weapons
 a - a +0 war axe (weapon)
Missiles
 m - 4 tomahawks (quivered)
 Y - 75 stones
 Z - a throwing net
Armour
 b - a +0 scale mail
 c - a +0 shield (worn)
 h - a +3 ring mail of magic resistance (worn)
   (You found it on level 1 of the Dungeon)
Jewellery
 l - a ring of protection from fire (left hand)
Wands
 g - a wand of flame (17)
Potions
 d - a potion of might {!q}
 e - 3 potions of heal wounds {!q}
 i - 3 potions of curing
 j - 2 potions of brilliance {!q}
 n - 2 potions of berserk rage {unknown}
 r - a potion of mutation {unknown}
Comestibles
 f - 5 rations
 k - 4 chunks of flesh


   Skills:
 - Level 3.6 Fighting
 * Level 10.5 Axes
 + Level 6.9 Armour
 - Level 3.2 Shields


You had 7 spell levels left.
You didn't know any spells.

Dungeon Overview and Level Annotations

Branches:
Dungeon (6/15)
 Temple: D:4-7

Altars:
Makhleb

Shops:
D:4 !

Annotations:
D:3 pUX: tough ghost, suvakkihuora's ghost, amateur HOFi


Message History

You hit the ooze.
The ooze is moderately wounded.
The ooze hits you but does no damage.
You barely miss the ooze.
The ooze is moderately wounded.
The ooze barely misses you. x2
You are feeling hungry.
You hit the ooze.
The ooze is almost dead.
You block the ooze's attack.
A gnoll shaman comes into view. It is wielding a whip.
The gnoll shaman shouts!
You slash the ooze!
You kill the ooze!
A gnoll comes into view. It is wielding a whip.
There are no items here.
You slash the gnoll!
The gnoll is severely wounded.
You block the gnoll's attack.
A gnoll comes into view. It is wielding a club.
You slash the gnoll!
You kill the gnoll!
The gnoll shaman zaps a wand.
The bolt of acid hits you! The acid corrodes you!
You are splashed with acid!
The acid burns!
* * * LOW HITPOINT WARNING * * *
It is a wand of acid (5).
A gnoll comes into view. It is wielding a spear.
Damage: 36 (max 36)
The gnoll shouts!
You barely miss the gnoll shaman.
The gnoll shaman calls upon its god to speed up the gnoll.
The gnoll seems to speed up.
You hit the gnoll shaman but do no damage.
The gnoll shaman barely misses you.
You slash the gnoll shaman!
The gnoll shaman is heavily wounded.
The gnoll shaman hits you but does no damage.
You barely miss the gnoll shaman.
The gnoll shaman is heavily wounded.
The gnoll shaman hits you but does no damage.
You hit the gnoll shaman but do no damage.
The gnoll shaman is heavily wounded.
The gnoll shaman hits you with a whip!
* * * LOW HITPOINT WARNING * * *
Damage: 11 (max 36) Unknown command.
You hit the gnoll shaman.
The gnoll shaman is severely wounded.
The gnoll shaman zaps a wand.
The bolt of acid hits you!
You die...

#. #..........#
?##.##.(.....#
.# #.†.....###.
.. #...<.......
#. #.#.........
#.##.......###.
##....##....#
#.....###.#.#
#...###@##
..... #.# #g#%#
##.### #g# #.#
... .g# #.# ##
#.# ## =.. ...
..


You could see a gnoll shaman and 2 gnolls.

Vanquished Creatures
  Eustachio (D:5)
  Edmund (D:5)
  A sky beast (D:5)
  An ogre (D:5)
  A centaur (D:6)
  2 scorpions
  2 bullfrog zombies
  4 hounds
  A bullfrog skeleton (D:5)
  2 jellies (D:5)
  A worker ant (D:5)
  4 gnolls
  9 adders
  3 oozes
  2 worms
  3 dart slugs
  4 leopard geckos
  3 orcs
  4 giant cockroaches
  4 hobgoblins
  14 jackals
  A quokka (D:5)
  4 bats
  7 frilled lizards
  A giant cockroach zombie (D:5)
  11 goblins
  6 kobolds
  7 rats
104 creatures vanquished.

Notes
Turn   | Place    | Note
-------+----------+-------------------------------------------
     0 | D:1      | Gorice the Hill Orc Fighter began the quest for the Orb.
     0 | D:1      | Reached XP level 1. HP: 19/19 MP: 1/1
     6 | D:1      | Noticed a queen ant
     6 | D:1      | Noticed a tyrant leech
     6 | D:1      | Noticed a basilisk
     7 | D:1      | Noticed a centaur warrior
     7 | D:1      | Noticed a hell rat
    52 | D:1      | Reached skill level 3 in Axes
    72 | D:1      | Reached XP level 2. HP: 16/26 MP: 2/2
   365 | D:1      | Reached skill level 4 in Axes
   366 | D:1      | Reached XP level 3. HP: 31/31 MP: 3/3
   984 | D:2      | Found a burning altar of Makhleb.
   986 | D:2      | Noticed a blizzard demon
  1023 | D:2      | Reached skill level 4 in Armour
  1023 | D:2      | Reached XP level 4. HP: 29/39 MP: 4/4
  1134 | D:2      | Reached skill level 5 in Axes
  1336 | D:2      | Found a faded altar of an unknown god.
  1776 | D:3      | Noticed suvakkihuora's ghost (amateur HOFi)
  2107 | D:3      | HP: 3/39 [suvakkihuora's ghost (9)]
  2243 | D:2      | HP: 11/39 [adder (3)]
  2244 | D:2      | Reached XP level 5. HP: 13/45 MP: 5/5
  2249 | D:2      | HP: 12/45 [poisoned by an adder]
  2257 | D:2      | HP: 11/45 [poisoned by an adder]
  2613 | D:4      | Reached skill level 6 in Axes
  3083 | D:4      | Reached skill level 7 in Axes
  3083 | D:4      | Reached skill level 5 in Armour
  3083 | D:4      | Reached XP level 6. HP: 50/51 MP: 6/6
  3299 | D:4      | Found Oreqiy's Distillery.
  3415 | D:5      | Entered Level 5 of the Dungeon
  3584 | D:5      | Noticed a sky beast
  3612 | D:5      | Killed a sky beast
  3612 | D:5      | Reached skill level 8 in Axes
  3612 | D:5      | Reached XP level 7. HP: 30/57 MP: 7/7
  4085 | D:5      | Noticed Eustachio
  4185 | D:5      | Killed Eustachio
  4185 | D:5      | Reached skill level 9 in Axes
  4185 | D:5      | Reached skill level 6 in Armour
  4933 | D:5      | Reached XP level 8. HP: 58/64 MP: 8/8
  5161 | D:5      | Noticed Edmund
  5185 | D:5      | Killed Edmund
  5185 | D:5      | Reached skill level 10 in Axes
  5550 | D:6      | HP: 18/64 [gnoll shaman/whip (11)]
  5551 | D:6      | Killed from afar by a gnoll shaman

Vault maps used:
D:1:      onia_arrival_zoo_common, serial_bayou_ford_a
D:2:      makhleb_altar_promises_db, chequers_ecumenical_altar_simple_redux
D:3:      kennysheep_decorative_pillar, uniq_ijyb
D:4:      serial_shops, nicolae_shop_crystal
D:5:      first_ration, uniq_eustachio, uniq_edmund
D:6:      nicolae_ru_path_of_blood

Skill      XL: |  1  2  3  4  5  6  7  8 |
---------------+-------------------------+-----
Axes           | 3 4 5 7 8 9 10 | 10.5
Armour         | 4 5 6 |  6.9
Fighting       | |  3.6
Shields        | |  3.2

Action                   |  1- 3 |  4- 6 |  7- 9 || total
-------------------------+-------+-------+-------++-------
Melee: War axe           |   102 |   222 |   261 ||   585
Throw: Stone             |     3 |    41 |    14 ||    58
Evoke: Wand              |       |       |     5 ||     5
  Use: Scroll            |     4 |     6 |     4 ||    14
  Eat: Chunk             |     1 |     7 |     4 ||    12
       Ration            |       |       |     1 ||     1
Armor: Scale mail        |    13 |       |       ||    13
       Ring mail         |    36 |    83 |   137 ||   256
Dodge: Dodged            |    25 |    63 |   105 ||   193
Block: Shield            |    57 |   114 |   132 ||   303

Table legend:
 A = Spawn XP
 B = Non-spawn XP
 C = Spawn XP percentage of total XP
 D = Spawn monster count
 E = Non-spawn monster count
 F = Spawn count percentage of total count
 G = Total turns spent on level
                    A         B        C        D         E        F      G
               +---------+---------+-------+---------+---------+-------+---------
         Total |       0 |    1607 |   0.0 |       0 |     104 |   0.0 |  5551
               +---------+---------+-------+---------+---------+-------+---------
           D:1 |       0 |      55 |   0.0 |       0 |      29 |   0.0 |   934
           D:2 |       0 |     114 |   0.0 |       0 |      28 |   0.0 |  1435
           D:3 |       0 |       8 |   0.0 |       0 |       3 |   0.0 |   205
           D:4 |       0 |     209 |   0.0 |       0 |      14 |   0.0 |   841
           D:5 |       0 |    1041 |   0.0 |       0 |      25 |   0.0 |  2087
           D:6 |       0 |     180 |   0.0 |       0 |       5 |   0.0 |    49
               +---------+---------+-------+---------+---------+-------+---------

Table legend:
 A = Turns spent in this place as a percentage of turns spent in the entire game.
 B = Non-inter-level travel turns spent in this place as a percentage of non-inter-level travel turns spent in the entire game.
 C = Inter-level travel turns spent in this place as a percentage of turns spent in this place.
 D = Turns resting spent in this place as a percentage of non-inter-level travel turns spent in this place.
 E = Turns spent auto-exploring this place as a percentage of non-inter-level travel turns spent in this place.
 F = Non-inter-level travel turns spent in this place divided by the number of levels of this place that you've seen.
                   A       B       C       D       E      F
               +-------+-------+-------+-------+-------+----------------------
         Total | 100.0 | 100.0 |   6.6 |  29.1 |  40.7 | 864.2
       Dungeon | 100.0 | 100.0 |   6.6 |  29.1 |  40.7 | 864.2
               +-------+-------+-------+-------+-------+----------------------

Vault maps used:
D:1:      onia_arrival_zoo_common, serial_bayou_ford_a
D:2:      makhleb_altar_promises_db, chequers_ecumenical_altar_simple_redux
D:3:      kennysheep_decorative_pillar, uniq_ijyb
D:4:      serial_shops, nicolae_shop_crystal
D:5:      first_ration, uniq_eustachio, uniq_edmund
D:6:      nicolae_ru_path_of_blood
